 Dungeon Crawl Stone Soup version 0.21-a0-216-g6d3fd91 (webtiles) character file.

61 Nvm9 the Covered (level 3, 0/29 HPs)
             Began as a Demonspawn Fighter on Aug 23, 2017.
             Slain by Crazy Yiuf
             ... wielding a +3 quarterstaff of chaos
              (1 damage)
             ... on level 2 of the Dungeon.
             The game lasted 00:01:25 (1363 turns).

Nvm9 the Covered (Demonspawn Fighter)               Turns: 1363, Time: 00:01:26

Health: 0/29       AC: 10    Str: 22    XL:     3   Next: 83%
Magic:  2/3        EV:  5    Int:  9    God:
Gold:   66         SH:  9    Dex: 12    Spells: 2/2 levels left

rFire    . . .     SeeInvis .   a - +0 long sword
rCold    . . .     Gourm    .   c - +0 shield
rNeg     . . .     Faith    .   o - +0 chain mail
rPois    .         Spirit   .   (no helmet)
rElec    .         Reflect  .   m - +0 cloak
rCorr    .         Harm     .   (no gloves)
MR       .....                  (no boots)
Stlth    ..........             (no amulet)
HPRegen  0.09/turn              (no ring)
MPRegen  0.08/turn              (no ring)

@: mighty, lethally poisoned (0 -> -10), hasted, very quick
A: talons 1, rot immunity
a: no special abilities


You were on level 2 of the Dungeon.
You were hungry.

You visited 1 branch of the dungeon, and saw 2 of its levels.

You collected 66 gold pieces.

Inventory:

Hand Weapons
 a - a +0 long sword (weapon)
Armour
 b - a +0 scale mail
 c - a +0 shield (worn)
 m - a +0 cloak (worn)
 o - a +0 chain mail (worn)
Scrolls
 g - 2 scrolls of identify {unknown}
 h - a scroll of enchant weapon {unknown}
 l - 2 scrolls of remove curse {unknown}
 p - a scroll of amnesia {unknown}
Potions
 e - 3 potions of curing {unknown}
 i - 2 potions of lignification {unknown}
 k - a potion of flight {unknown}
 n - a potion of heal wounds {unknown}
Comestibles
 f - 2 bread rations
 j - a meat ration


   Skills:
 + Level 3.4 Fighting
 + Level 2.2 Long Blades
 * Level 3.5 Armour
 + Level 3.0 Shields


You had 2 spell levels left.
You didn't know any spells.

Dungeon Overview and Level Annotations

Branches:
Dungeon (2/15)

Altars:
Cheibriados
Dithmenos

Annotations:
D:2 Crazy Yiuf


Innate Abilities, Weirdness & Mutations

You have sharp toenails.
You are immune to rotting.


Message History

Crazy Yiuf hits you with a quarterstaff of chaos!
You feel yourself speed up.
Crazy Yiuf hits you with a quarterstaff of chaos!
You hit Crazy Yiuf but do no damage. You claw Crazy Yiuf.
Crazy Yiuf is moderately wounded.
* * * LOW HITPOINT WARNING * * *
You feel sick.
You closely miss Crazy Yiuf. You claw Crazy Yiuf.
Crazy Yiuf is moderately wounded.
* * * LOW HITPOINT WARNING * * *
You feel sick.
Crazy Yiuf hits you with a quarterstaff of chaos.
* * * LOW HITPOINT WARNING * * *
You feel your power leaking away.
Unknown command.
You feel very mighty all of a sudden.
* * * LOW HITPOINT WARNING * * *
You feel sick.
Crazy Yiuf hits you with a quarterstaff of chaos.
You die...

#.###..##
##.#....#
##.#._.#
#......#
#####
##.##).#
#..)#
#.....######
#...#
##....(.##..
#.g.#
##...#(#...
#@#
###.#.......
♣♣.♣
#.....###...
♣.♣♣
#.....#.....
♣♣.♣
###.#.#.#†##
♣.♣♣
#.#.....##
♣♣.♣♣
#.###.#...
♣...♣♣
#.....####
♣....♣
##........
#+..+#
#.#..##..


You could see Crazy Yiuf.

Vanquished Creatures
  2 adders (D:2)
  A worm (D:2)
  2 dart slugs (D:2)
  2 ball pythons (D:2)
  2 bats (D:1)
  4 goblins
  7 hobgoblins
  6 frilled lizards
  6 kobolds
  7 rats
39 creatures vanquished.

Notes
Turn   | Place    | Note
-------+----------+-------------------------------------------
     0 | D:1      | Nvm9 the Demonspawn Fighter began the quest for the Orb.
     0 | D:1      | Reached XP level 1. HP: 18/18 MP: 1/1
   180 | D:1      | Gained mutation: You are immune to rotting. [demonic ancestry]
   180 | D:1      | Reached XP level 2. HP: 20/24 MP: 2/2
   773 | D:2      | Gained mutation: You have sharp toenails. [demonic ancestry]
   773 | D:2      | Reached XP level 3. HP: 29/29 MP: 3/3
   780 | D:2      | Found a snail-covered altar of Cheibriados.
  1087 | D:2      | Found a shadowy altar of Dithmenos.
  1352 | D:2      | Found a runed door.
  1356 | D:2      | Noticed Crazy Yiuf
  1363 | D:2      | HP: 1/29 [poisoned by Crazy Yiuf]
  1363 | D:2      | Slain by Crazy Yiuf

Vault maps used:
D:1:      dpeg_arrival_chambers_temple_mockup
D:2:      nicolae_overflow_hidden_temple, first_bread, cheibriados_altar_1,
          uniq_crazy_yiuf_cottage

Skill      XL: |  1  2  3 |
---------------+----------+-----
Armour         | 3 |  3.5
Long Blades    | 2 |  2.2
Shields        | 3 |  3.0
Fighting       | |  3.4

Action                   || total
-------------------------++-------
Melee: Long sword        ||   105
       Kick              ||    11
  Use: Potion            ||     1
  Eat: Chunk             ||     1
Armor: Scale mail        ||    30
       Chain mail        ||     8
Dodge: Dodged            ||    24
Block: Shield            ||    46
       Rpst.: Long sword ||     8

Table legend:
 A = Spawn XP
 B = Non-spawn XP
 C = Spawn XP percentage of total XP
 D = Spawn monster count
 E = Non-spawn monster count
 F = Spawn count percentage of total count
 G = Total turns spent on level
                    A         B        C        D         E        F      G
               +---------+---------+-------+---------+---------+-------+---------
         Total |       5 |      83 |   5.7 |       3 |      36 |   7.7 |  1363
               +---------+---------+-------+---------+---------+-------+---------
           D:1 |       4 |      17 |  19.0 |       2 |      12 |  14.3 |   530
           D:2 |       1 |      66 |   1.5 |       1 |      24 |   4.0 |   833
               +---------+---------+-------+---------+---------+-------+---------
